Map: Neon Violet Square LE

Players

SpeCial

  • Race: Terran Terran
  • Spawn Location: 5:00

Semper - Winner!

  • Race: Terran Terran
  • League: Master
  • Spawn Location: 11:00

VOD

Have the link to the VOD?

Description

Time

  • Played on: Feb. 1, 2018, 9:38 p.m.
  • Length: 92:13
Show
View Real Time Build Order
Export as new Build Order

SpeCial Terran 

Build Orders: 1/1/1, Cyclone Opening, Mech 

Get SALT Encoding   

  12  0:00  SCV  
  13  0:13  SCV  
  14  0:17  Supply Depot  
  14  0:25  SCV  
  15  0:29  Refinery  
  15  0:39  SCV  
  16  0:46  Barracks  
  16  0:51  SCV  
  16  0:56  Refinery  
  17  1:03  SCV  
  18  1:15  SCV  
  19  1:27  SCV  
  20  1:34  Factory  
  20  1:35  Reaper  
  21  1:41  Orbital Command  
  21  1:50  Supply Depot  
  21  2:08  SCV  
  22  2:10  Reaper  
  23  2:18  Hellion  
  23  2:20  Starport  
  25  2:24  SCV  
  26  2:30  Supply Depot  
  26  2:36  SCV  
  27  2:42  Liberator  
  27  2:47  Cyclone  
  27  2:48  SCV  
  31  3:00  SCV  
  35  3:13  SCV  
  36  3:25  SCV  
  37  3:29  Command Center  
  37  3:32  Factory Reactor  
  35  3:37  SCV  
  36  3:45  Supply Depot  
  36  3:49  SCV  
  37  4:01  SCV  
  38  4:08  Command Center  
  38  4:13  SCV  
  38  4:16  Cyclone  
  39  4:27  Liberator  
  39  4:28  SCV  
  39  4:29  Cyclone  
  38  4:40  SCV  
  38  4:41  Orbital Command  
  42  4:52  Cyclone  
  45  4:58  SCV  
  46  5:01  Cyclone  
  49  5:07  SCV  
  49  5:10  SCV  
  51  5:14  Supply Depot  
  51  5:19  SCV  
  52  5:22  SCV  
  52  5:24  Cyclone, Orbital Command  
  52  5:26  Viking  
  58  5:31  SCV  
  58  5:33  Cyclone  
  58  5:34  SCV  
  63  5:39  Refinery  
  63  5:40  Refinery  
  63  5:43  SCV  
  63  5:46  Supply Depot, SCV  
  65  5:50  Barracks Tech Lab  
  65  5:51  SCV  
  65  5:55  SCV  
  67  5:58  SCV  
  67  6:03  SCV  
  68  6:07  SCV  
  68  6:10  SCV  
  70  6:13  Factory  
  70  6:14  Factory  
  70  6:15  SCV  
  71  6:19  Refinery x2  
  71  6:20  SCV  
  71  6:21  Starport Reactor  
  71  6:22  SCV  
  71  6:23  Hellion  
  72  6:27  SCV  
  72  6:32  SCV  
  69  6:34  SCV  
  69  6:39  SCV  
  71  6:44  SCV, Hellion  
  71  6:47  SCV  
  75  6:51  SCV  
  76  6:56  SCV  
  76  6:59  SCV  
  78  7:03  SCV, Hellion x2, Factory Tech Lab  
  78  7:04  Viking x2  
  78  7:05  Siege Tank  
  78  7:08  SCV  
  91  7:10  Supply Depot  
  91  7:11  SCV  
  91  7:13  Armory  
  91  7:14  Supply Depot  
  92  7:15  SCV  
  92  7:19  Liberator  
  93  7:31  SCV x2, Siege Tank  
  93  7:32  SCV  
  93  7:35  Medivac  
  104  7:38  Supply Depot  
  104  7:39  Supply Depot  
  104  7:40  Hellion x2  
  104  7:44  SCV  
  109  7:47  Supply Depot  
  109  8:00  SCV x3, Siege Tank  
  109  8:01  Terran Vehicle Weapons Level 1  
  109  8:02  Supply Depot  
  109  8:04  Supply Depot, Siege Tank  
  118  8:11  Factory  
  118  8:14  Viking  
  118  8:15  Supply Depot, Factory  
  118  8:16  SCV  
  118  8:18  Hellion  
  118  8:19  Viking  
  125  8:21  Hellion  
  127  8:28  Supply Depot  
  127  8:33  Siege Tank  
  130  8:35  Command Center  
  130  8:39  Hellion  
  130  8:40  Hellion  
  134  8:52  SCV x2  
  128  8:59  Hellion  
  128  9:00  Factory Tech Lab, Factory Reactor  
  128  9:01  Hellion, Thor  
  138  9:05  Siege Tank  
  138  9:09  Viking x2  
  142  9:12  Supply Depot  
  142  9:13  Supply Depot  
  142  9:15  Supply Depot, Engineering Bay, Armory  
  142  9:17  Supply Depot  
  142  9:20  Siege Tank  
  142  9:21  Hellion  
  147  9:31  Infernal Pre-Igniter  
  147  9:34  Hellion  
  147  9:38  Siege Tank  
  152  9:39  Viking x2  
  153  9:45  Missile Turret  
  153  9:47  Missile Turret, Hellion  
  145  9:54  Hellion  
  145  9:55  Siege Tank  
  145  9:59  Siege Tank  
  151  10:04  SCV x2  
  148  10:17  Refinery  
  148  10:18  Liberator x2  
  148  10:19  Hellion x2, Refinery  
  148  10:20  Hellion x2  
  156  10:25  Planetary Fortress  
  150  10:41  Supply Depot  
  156  10:44  SCV  
  156  10:45  SCV  
  156  10:48  Hellion x2  
  156  10:49  Hellion x2, Siege Tank  
  168  10:59  Sensor Tower  
  168  11:02  Terran Vehicle Weapons Level 2  
  162  11:06  Terran Vehicle And Ship Armor Level 1  
  162  11:09  Siege Tank  
  162  11:10  Hellion x3  
  171  11:14  Missile Turret  
  167  11:25  Supply Depot  
  167  11:27  Viking x2  
  167  11:28  SCV x2  
  167  11:31  Hellion  
  167  11:32  Hellion  
  172  11:34  Siege Tank  
  172  11:38  SCV x2  
  176  11:40  SCV  
  176  11:44  Hellion x2  
  181  11:49  Siege Tank  
  181  11:50  Supply Depot  
  181  11:55  Hellion x2  
  183  12:07  Thor  
  183  12:08  Hellion x2  
  193  12:15  Starport  
  193  12:19  Starport  
  157  12:32  Viking  
  157  12:33  Viking  
  156  12:39  Thor  
  156  12:41  Hellion x2  
  142  13:01  Starport Reactor x2  
  142  13:02  Viking x2  
  146  13:09  Thor  
  146  13:10  Hellion x2  
  154  13:14  Terran Vehicle And Ship Armor Level 2  
  152  13:26  Terran Ship Weapons Level 1  
  152  13:28  Thor  
  158  13:36  Hellion x3  
  158  13:38  SCV  
  165  13:43  Hellion x2  
  165  13:47  Viking  
  159  13:52  Viking  
  161  13:56  Viking  
  159  14:06  Viking  
  144  14:12  Viking x2  
  133  14:23  Viking  
  131  14:24  Viking  
  133  14:31  Viking  
  135  14:40  Viking  
  133  14:48  Viking  
  122  14:58  Viking x2  
  120  15:06  Hellion  
  122  15:15  Viking  
  124  15:24  Hellion x3, Orbital Command  
  124  15:25  Hellion  
  132  15:31  Siege Tank  
  132  15:32  SCV  
  136  15:40  SCV, Siege Tank  
  140  15:43  SCV  
  140  15:47  Viking  
  143  15:52  Viking  
  143  16:03  Viking x2  
  146  16:11  Terran Ship Weapons Level 2  
  146  16:15  Hellion x2  
  146  16:18  Hellion  
  142  16:26  Viking  
  142  16:32  Missile Turret  
  143  16:35  Viking  
  146  16:43  Siege Tank, Refinery  
  146  16:46  Siege Tank  
  150  16:49  Viking  
  150  16:52  Viking  
  154  16:56  Viking  
  156  17:01  Viking  
  156  17:04  Viking  
  156  17:08  Viking  
  158  17:10  Siege Tank  
  158  17:15  Siege Tank, Liberator  
  161  17:18  Hellion  
  161  17:19  Viking  
  161  17:22  Viking  
  167  17:26  Viking  
  153  17:34  Siege Tank  
  149  17:40  Viking  
  123  18:04  Liberator  
  123  18:07  SCV  
  125  18:12  SCV  
  125  18:25  Viking  
  130  18:27  SCV x2  
  130  18:31  Missile Turret  
  132  18:36  Viking x2  
  131  18:49  Hellion  
  131  18:53  Viking  
  121  18:57  Hellion  
  121  19:01  Viking, Liberator  
  122  19:05  SCV x3  
  122  19:09  SCV  
  126  19:15  Sensor Tower  
  128  19:17  SCV, Hellion x2  
  128  19:24  Siege Tank  
  137  19:28  Viking  
  137  19:30  SCV  
  140  19:31  SCV  
  140  19:36  SCV  
  140  19:37  Hellion  
  144  19:38  Viking  
  146  19:48  Hellion x2  
  150  19:52  Viking  
  150  19:58  Missile Turret, SCV  
  153  20:01  Terran Vehicle And Ship Armor Level 3  
  153  20:02  SCV x2  
  153  20:10  Terran Ship Weapons Level 3  
  147  20:17  Viking  
  149  20:27  Viking x2  
  140  20:29  Viking  
  140  20:35  SCV x3  
  117  20:36  SCV  
  116  20:45  Siege Tank  
  121  20:54  Viking  
  121  21:02  Hellion x2  
  119  21:08  Siege Tank  
  120  21:20  Sensor Tower, Siege Tank  
  120  21:24  Hellion  
  125  21:28  Hellion x2  
  129  21:33  Siege Tank  
  132  21:40  Refinery  
  132  21:41  Refinery  
  132  21:42  Siege Tank  
  135  21:53  Hellion  
  137  21:55  Siege Tank  
  134  22:06  Viking x2  
  119  22:10  Viking  
  111  22:54  Hellion  
  107  23:01  Liberator  
  68  23:34  Siege Tank  
Show
View Real Time Build Order
Export as new Build Order

Semper Terran - Winner!

Build Orders: Cyclone Opening, Gas First Reaper Expand, Reaper Expand, MMM Bio 

Get SALT Encoding   

  12  0:00  SCV  
  13  0:13  SCV  
  14  0:17  Supply Depot  
  14  0:25  SCV  
  15  0:29  Refinery  
  15  0:39  SCV  
  16  0:45  Barracks  
  16  0:51  SCV  
  17  1:03  SCV  
  18  1:15  SCV  
  19  1:32  Orbital Command  
  19  1:33  Reaper  
  20  1:47  Command Center  
  20  1:58  Factory  
  20  2:02  SCV  
  20  2:07  Barracks Reactor  
  21  2:13  Supply Depot  
  21  2:16  SCV  
  22  2:26  Bunker  
  22  2:28  SCV  
  23  2:33  Refinery  
  23  2:40  SCV  
  23  2:43  Marine  
  23  2:44  Marine  
  26  2:48  Cyclone  
  29  2:53  SCV  
  30  3:00  Orbital Command  
  30  3:03  Marine  
  31  3:06  SCV  
  32  3:19  Marine, Starport  
  31  3:21  Marine  
  32  3:27  SCV  
  32  3:34  Cyclone  
  32  3:37  SCV  
  35  3:44  SCV  
  36  3:49  SCV  
  36  3:50  Supply Depot  
  37  3:56  SCV, Marine x2  
  40  4:05  Viking  
  41  4:16  SCV  
  42  4:20  SCV  
  35  4:26  Marine x2  
  35  4:28  SCV  
  35  4:32  SCV  
  36  4:40  SCV  
  36  4:44  SCV  
  38  4:49  Liberator  
  38  4:52  SCV, Factory Tech Lab  
  39  4:53  Marine x2  
  39  4:56  SCV  
  42  5:04  SCV  
  46  5:08  SCV  
  50  5:14  Siege Tank  
  50  5:17  SCV  
  50  5:20  Supply Depot  
  51  5:22  Marine  
  51  5:23  Marine  
  51  5:27  SCV  
  54  5:34  Supply Depot  
  54  5:41  SCV x2  
  56  5:45  Command Center  
  56  5:48  Siege Tank  
  59  5:54  SCV x2  
  63  6:02  Refinery  
  63  6:03  Refinery  
  63  6:05  Starport Reactor  
  63  6:06  SCV  
  63  6:07  SCV  
  63  6:14  Barracks Tech Lab  
  63  6:18  SCV  
  65  6:25  SCV  
  65  6:28  Siege Tank  
  67  6:34  SCV  
  67  6:37  SCV  
  69  6:44  Viking x2, Engineering Bay  
  69  6:46  Stimpack  
  70  6:55  Barracks  
  70  6:57  SCV x2, Marine  
  70  6:59  Barracks  
  73  7:02  Supply Depot  
  73  7:05  Orbital Command  
  73  7:09  SCV  
  73  7:11  SCV  
  73  7:13  Siege Tank  
  73  7:15  Marine  
  79  7:21  SCV  
  80  7:23  SCV  
  80  7:27  Viking x2  
  85  7:33  SCV, Orbital Command  
  85  7:35  SCV  
  87  7:40  Marauder  
  87  7:41  Terran Infantry Weapons Level 1  
  87  7:43  Supply Depot  
  89  7:45  Supply Depot, SCV  
  89  7:49  Marine  
  89  7:51  SCV  
  88  7:53  Marine, Barracks Tech Lab  
  89  8:00  Siege Tank  
  89  8:01  SCV  
  89  8:04  SCV  
  89  8:05  Marauder  
  96  8:06  Supply Depot  
  96  8:08  Supply Depot  
  96  8:11  Viking  
  99  8:12  SCV  
  99  8:16  Marine, Marauder  
  99  8:19  SCV  
  104  8:20  SCV, Refinery  
  104  8:21  Refinery  
  104  8:26  Marauder  
  106  8:28  SCV  
  106  8:30  Starport  
  106  8:32  Marine  
  106  8:33  SCV  
  108  8:34  Supply Depot  
  108  8:38  Marauder  
  108  8:40  Marine  
  111  8:48  SCV, Marauder  
  107  8:50  Marine, Medivac  
  107  8:53  SCV x2  
  111  8:56  Liberator  
  111  8:58  Marine  
  111  8:59  Marauder  
  111  9:00  SCV  
  114  9:05  SCV  
  114  9:08  SCV  
  116  9:12  SCV  
  116  9:14  Starport Tech Lab  
  120  9:17  SCV  
  120  9:19  Fusion Core  
  120  9:20  Supply Depot  
  120  9:21  SCV  
  120  9:23  Marine, Marauder  
  125  9:24  SCV  
  125  9:26  Starport  
  125  9:29  SCV  
  127  9:33  Combat Shields  
  127  9:40  Viking  
  127  9:42  SCV  
  129  9:47  Supply Depot, SCV x2  
  129  9:52  Missile Turret  
  131  9:57  Liberator  
  85  10:00  Viking x2  
  131  10:04  Starport Reactor  
  131  10:07  Command Center  
  134  10:08  Engineering Bay, Armory  
  134  10:09  SCV  
  133  10:17  SCV  
  133  10:19  Concussive Shells, Marine, Marauder  
  139  10:27  Marine  
  139  10:28  SCV, Marauder  
  139  10:30  Advanced Ballistics  
  139  10:37  Supply Depot, Terran Infantry Armor Level 1, Marine  
  140  10:43  Command Center  
  140  10:47  Marauder, Marine, Liberator x2  
  140  10:48  SCV x2  
  145  10:54  Marine, Marauder  
  145  10:56  SCV  
  149  11:00  SCV  
  149  11:01  Liberator  
  149  11:02  Terran Ship Weapons Level 1  
  149  11:04  Viking  
  150  11:11  Marauder  
  157  11:18  Marine, Marauder  
  163  11:20  Supply Depot  
  163  11:22  Orbital Command, Refinery  
  160  11:37  Marine x2, Marauder  
  160  11:39  Liberator  
  157  11:40  SCV, Marauder  
  157  11:43  Siege Tank  
  157  11:44  Sensor Tower  
  160  11:57  Liberator, Refinery  
  160  11:59  Viking x2, Marauder  
  169  12:02  Marine x2  
  169  12:03  Marauder  
  173  12:12  Liberator x2  
  173  12:14  Viking  
  173  12:15  Command Center  
  178  12:16  Supply Depot x2  
  178  12:22  Liberator  
  178  12:27  Liberator  
  178  12:29  Marine  
  170  12:33  Marine, Marauder  
  173  12:37  Siege Tank  
  173  12:39  Marine  
  173  12:43  Liberator  
  154  12:56  Marine  
  154  12:57  Liberator x2  
  154  12:58  Marine x2  
  149  12:59  Marine  
  155  13:09  Siege Tank  
  156  13:14  Marine  
  156  13:16  Marine  
  156  13:17  Marine, Marauder  
  156  13:18  SCV x2  
  156  13:19  Terran Ship Weapons Level 2, Terran Infantry Weapons Level 2  
  169  13:32  Marine  
  169  13:34  Marine  
  171  13:35  Medivac, Marauder  
  171  13:38  Marauder  
  171  13:41  Terran Infantry Armor Level 2  
  164  13:49  Marine  
  164  13:50  Viking  
  164  13:51  Marine  
  168  13:56  Marauder  
  168  14:00  Marauder  
  168  14:01  Siege Tank  
  154  14:07  SCV, Marine  
  154  14:09  Marine  
  150  14:16  SCV  
  143  14:18  Marauder  
  143  14:19  Liberator x2  
  143  14:21  Marauder  
  144  14:25  Marine  
  144  14:27  Marine  
  146  14:33  Siege Tank  
  146  14:38  Planetary Fortress  
  154  14:39  Marine  
  154  14:42  Marauder  
  154  14:43  Marine  
  154  14:45  Marine  
  155  14:46  Viking  
  146  14:54  Viking x2  
  146  14:57  Marauder  
  148  15:01  Marine  
  148  15:03  SCV  
  148  15:04  Marauder  
  148  15:05  Marine  
  146  15:07  SCV  
  146  15:10  SCV  
  145  15:15  SCV  
  145  15:16  Viking  
  145  15:18  Marauder  
  145  15:19  Marine  
  145  15:20  SCV x2  
  153  15:23  Viking  
  153  15:27  Viking  
  157  15:33  Viking  
  159  15:39  Viking  
  161  15:45  Marine x2  
  161  15:46  Viking, Marauder  
  161  15:49  Siege Tank  
  169  15:50  Marine  
  170  16:00  Viking x2  
  170  16:03  Marine x2  
  176  16:07  Marauder  
  176  16:08  Marine  
  179  16:12  Viking  
  179  16:14  SCV  
  179  16:17  SCV  
  178  16:21  SCV x3, Marine x2  
  179  16:27  Marauder  
  179  16:29  Siege Tank, Marauder  
  179  16:30  Viking  
  188  16:34  SCV  
  188  16:35  SCV x2  
  188  16:38  Orbital Command  
  188  16:39  Marine x2  
  189  16:41  Viking  
  191  16:48  Terran Ship Weapons Level 3, Marauder  
  193  16:56  SCV  
  194  17:01  Siege Tank, Marine  
  194  17:02  Marauder  
  194  17:06  Marine  
  200  17:16  Marauder  
  200  17:27  Viking  
  195  17:30  Viking  
  195  17:32  Marine, Marauder  
  196  17:38  Viking  
  196  17:40  Marine, Marauder  
  196  17:41  Viking x2  
  166  17:50  Marine  
  163  17:54  Marauder  
  163  17:57  Viking  
  159  18:00  Viking  
  159  18:01  Marine  
  159  18:02  Marauder  
  158  18:07  Marine  
  158  18:08  Viking  
  158  18:10  Liberator  
  158  18:11  Viking x2  
  159  18:15  Marine  
  159  18:19  Marine  
  161  18:23  Barracks  
  161  18:24  Barracks  
  161  18:30  Viking  
  161  18:32  Marine x2, Marauder  
  170  18:38  Viking, Siege Tank  
  170  18:41  Viking x2  
  179  18:43  Marine  
  180  18:51  Marauder  
  161  18:57  Marine x2  
  161  19:00  Viking, SCV x3, Liberator x2  
  161  19:01  Marine  
  155  19:05  SCV  
  156  19:10  Siege Tank  
  156  19:12  Marine  
  156  19:13  Viking  
  156  19:14  Sensor Tower  
  162  19:22  Marine, Barracks Tech Lab  
  162  19:23  Marine  
  170  19:34  Refinery  
  170  19:35  Refinery  
  170  19:37  SCV  
  166  19:40  SCV  
  163  19:47  Siege Tank  
  163  19:51  Marine, Marauder  
  163  19:52  Viking  
  170  19:57  Marine  
  170  19:58  Marauder  
  173  20:02  Viking x2  
  173  20:04  SCV  
  173  20:06  SCV  
  179  20:10  Marauder  
  179  20:14  Marauder  
  182  20:25  Siege Tank  
  182  20:27  Viking  
  183  20:30  Viking  
  183  20:33  Viking  
  165  20:37  Viking  
  165  20:41  Viking  
  162  20:42  Marauder  
  162  20:57  Viking  
  162  21:00  Viking  
  162  21:03  Viking  
  168  21:06  Viking  
  167  21:11  Viking  
  167  21:12  Marine x2  
  167  21:13  Marauder  
  167  21:15  Marauder  
  172  21:20  SCV  
  172  21:21  SCV x3  
  176  21:28  Viking  
  176  21:30  Marine  
  176  21:31  Marine, Marauder  
  182  21:33  Orbital Command  
  182  21:37  Barracks Tech Lab  
  185  21:40  Refinery  
  185  21:41  Refinery  
  182  21:52  Siege Tank  
  183  22:05  Viking  
  179  22:08  Viking  
  179  22:09  Viking  
  179  22:11  Marine, Marauder  
  179  22:12  Viking  
  188  22:18  Marauder, Marine x2, Liberator  
  188  22:21  Viking, Marine, Liberator x2  
  195  22:28  Liberator  
  195  22:29  Marine  
  196  22:31  Refinery  
  196  22:32  Marine, Refinery  
  196  22:35  Marine, Liberator  
  196  22:36  Marauder  
  196  22:39  Marauder  
  196  22:41  Marauder  
  196  22:46  Marine  
  196  22:50  Marine  
  197  22:57  Marine  
  193  23:01  Marine, Marauder  
  193  23:02  Marine  
  193  23:04  Marine, Liberator  
  178  23:07  SCV x2  
  178  23:08  SCV x2, Marauder  
  178  23:18  Viking  
  178  23:19  Liberator  
  180  23:21  Viking  
  180  23:22  Marine  
  180  23:25  Marine  
  180  23:26  Marauder  
  183  23:28  Viking  
  183  23:31  Marine, Liberator  
  183  23:32  Marine, Marauder  
  184  23:34  Liberator  
  184  23:41  Marine  
  171  23:47  Marauder  
Tags
 
Add a new tag
Caveats
  • Supply blocks, unpowered buildings, or Contaminate may cause inaccurate times.
  • Supply counts are checked every 10 seconds.